 Dungeon Crawl Stone Soup version 0.23-a0-303-gfcac5de (webtiles) character file.

1497 tsouns the Covert (level 8, -4/55 HPs)
             Began as an Octopode Wanderer on Oct 8, 2018.
             Killed from afar by Dowan (11 damage)
             ... with a shard of ice
             ... on level 5 of the Dungeon.
             The game lasted 00:13:41 (5753 turns).

tsouns the Covert (Octopode Wanderer)               Turns: 5753, Time: 00:13:41

Health: -4/55      AC:  1    Str: 10    XL:     8   Next: 81%
Magic:  9/9        EV: 14    Int: 18    God:
Gold:   195        SH:  0    Dex: 11    Spells: 8/9 levels left

rFire    . . .     SeeInvis .   a - +3 shortbow
rCold    + . .     Gourm    .   (shield currently unavailable)
rNeg     . . .     Faith    .   (helmet restricted)
rPois    .         Spirit   .   (no amulet)
rElec    .         Reflect  .   n - ring of protection from cold
rCorr    .         Harm     .   (no ring)
MR       .....                  (no ring)
Stlth    ++........             (no ring)
HPRegen  0.18/turn              (no ring)
MPRegen  0.11/turn              (no ring)
                                (no ring)
                                (no ring)

@: glowing
A: almost no armour, stealthy swim, amphibious, 8 rings, constrict 8, camouflage
1, gelatinous body 1
a: no special abilities


You were on level 5 of the Dungeon.
You were not hungry.

You visited 1 branch of the dungeon, and saw 5 of its levels.

You collected 195 gold pieces.

Inventory:

Hand Weapons
 a - a +3 shortbow (weapon)
 o - a +4 dagger of venom
Missiles
 b - 62 arrows (quivered)
 g - 52 stones
 l - 13 bolts
Jewellery
 n - a ring of protection from cold (left tentacle)
Scrolls
 d - 8 scrolls of teleportation
 e - 2 scrolls of enchant armour
Potions
 c - a potion of degeneration
 i - a potion of haste {unknown}
 j - a potion of ambrosia
 k - 3 potions of resistance
Comestibles
 f - 7 rations
 h - a chunk of flesh


   Skills:
 + Level 5.1 Fighting
 - Level 2.2 Short Blades
 + Level 7.0 Bows
 + Level 3.4 Dodging
 + Level 8.3 Stealth
   Level 1.0 Shields
 - Level 1.0 Spellcasting
   Level 1.0 Necromancy
 - Level 1.0 Translocations


You had 8 spell levels left.
You knew the following spells:

 Your Spells              Type           Power        Failure   Level  Hunger
a - Apportation           Tloc           #.....       13%         1    ##.....

Your spell library contained the following spells:

 Spells                   Type           Power        Failure   Level  Hunger
 Infusion                 Chrm           #...         21%         1    ##.....
 Shroud of Golubria       Chrm/Tloc      #.........   24%         2    ###....
 Song of Slaying          Chrm           #.......     30%         2    ###....
 Regeneration             Chrm/Necr      #.........   43%         3    ####...
 Spectral Weapon          Hex/Chrm       #.......     52%         3    ####...


Dungeon Overview and Level Annotations

Branches:
Dungeon (5/15)
 Temple: D:4-7

Altars:
Dithmenos
Kikubaaqudgha
Ru
Trog
The Shining One

Annotations:
D:5 Dowan


Innate Abilities, Weirdness & Mutations

You cannot wear most types of armour.
You are very stealthy in the water. (Stealth+)
You are amphibious.
You can wear up to eight rings at the same time.
You can use your tentacles to constrict eight enemies at once.
Your skin changes colour to match your surroundings (Stealth+).
Your rubbery body absorbs attacks. (AC +1, EV +1)


Message History

Dowan points at you and mumbles some strange words.
The stone arrow hits you!
* * * LOW HITPOINT WARNING * * *
You barely miss Dowan. You grab Dowan.
Dowan is almost dead.
You constrict Dowan.
Dowan mumbles some strange words.
Dowan blinks free!
Wield which item (- for none, * to show all)? (? for menu, Esc to quit)
Your +4 dagger of venom stops dripping with poison.
a - a +3 shortbow (weapon)
Firing (i - inventory. (/) - cycle)
b - 63 arrows (quivered)
Press: ? - help, Shift-Dir - straight line, f/p - Dowan
Aim: Dowan, wielding a dagger and wearing a robe (almost dead, fast)
You shoot an arrow.
The arrow hits Dowan but does no damage.
Dowan is almost dead.
Dowan gestures at you while chanting. The shard of ice hits you!
You partially resist.
You die...

#...##
##...##
##...#
#.#.#
#.### #.#
#.# #.#
#@# #e#
#(#
#(.(((.(.
#########


You could see Dowan.

Vanquished Creatures
  Menkaure (D:4)
  Edmund (D:4)
  Duvessa (D:5)
  3 ogres (D:4)
  2 centaurs (D:5)
  2 big kobolds
  A scorpion (D:4)
  A howler monkey (D:4)
  An orc priest (D:4)
  A hound (D:5)
  An iguana (D:4)
  Crazy Yiuf (D:5)
  2 orc wizards
  Jessica (D:3)
  Natasha (thrice) (D:3)
  A hound zombie (D:3)
  A hound skeleton (D:3)
  9 adders
  An ooze (D:1)
  An adder skeleton (D:4)
  3 worms
  3 dart slugs
  5 leopard geckos
  10 orcs
  A giant cockroach (D:3)
  5 goblins
  9 hobgoblins
  16 jackals
  21 kobolds
  3 quokkas
  4 ball pythons
  7 bats
  5 frilled lizards
  A jackal skeleton (D:4)
  A quokka skeleton (D:3)
  2 quokka zombies (D:3)
  4 rats
135 creatures vanquished.

Notes
Turn   | Place    | Note
-------+----------+-------------------------------------------
     0 | D:1      | tsouns the Octopode Wanderer began the quest for the Orb.
     0 | D:1      | tsouns set off with: a +2 shortbow, 23 arrows, a +0 mace, a
                  | scroll of teleportation, a ration
     0 | D:1      | Reached XP level 1. HP: 13/13 MP: 2/2
    81 | D:1      | Reached skill level 2 in Stealth
   116 | D:1      | Reached XP level 2. HP: 18/18 MP: 3/3
   295 | D:1      | Reached skill level 3 in Stealth
   306 | D:1      | Reached XP level 3. HP: 22/23 MP: 4/4
  1135 | D:2      | Found a shadowy altar of Dithmenos.
  1180 | D:2      | Found a bloodstained altar of Trog.
  1241 | D:2      | Reached XP level 4. HP: 28/28 MP: 5/5
  1342 | D:2      | Reached skill level 4 in Stealth
  1837 | D:3      | Noticed a big kobold
  1879 | D:3      | Reached skill level 5 in Bows
  1879 | D:3      | Reached XP level 5. HP: 23/34 MP: 6/6
  1914 | D:3      | Noticed Jessica
  1923 | D:3      | Killed Jessica
  1946 | D:3      | Identified Jessica's Volume of Orientation
  1959 | D:3      | Learned a level 1 spell: Apportation
  2064 | D:3      | Killed a big kobold
  2064 | D:3      | Reached skill level 5 in Stealth
  2229 | D:3      | Reached XP level 6. HP: 31/41 MP: 7/7
  2478 | D:3      | Noticed Natasha
  2483 | D:3      | Killed Natasha
  2554 | D:3      | Found a sacrificial altar of Ru.
  2600 | D:3      | Noticed Natasha
  2623 | D:3      | Killed Natasha
  2716 | D:3      | Noticed Natasha
  2725 | D:3      | Killed Natasha
  2795 | D:3      | Found an ancient bone altar of Kikubaaqudgha.
  2947 | D:3      | Reached skill level 1 in Short Blades
  2991 | D:4      | Found a glowing golden altar of the Shining One.
  3100 | D:4      | Noticed Menkaure
  3289 | D:3      | Reached skill level 6 in Stealth
  3289 | D:3      | Reached XP level 7. HP: 18/46 MP: 8/8
  3539 | D:4      | Killed Menkaure
  4058 | D:4      | Noticed Edmund
  4078 | D:4      | Killed Edmund
  4078 | D:4      | Reached skill level 1 in Dodging
  4527 | D:4      | Reached skill level 7 in Stealth
  4527 | D:4      | Reached XP level 8. HP: 37/54 MP: 9/9
  4956 | D:5      | Entered Level 5 of the Dungeon
  5083 | D:5      | Found a runed door.
  5087 | D:5      | Noticed Crazy Yiuf
  5090 | D:5      | Killed Crazy Yiuf
  5586 | D:5      | Reached skill level 5 in Fighting
  5586 | D:5      | Reached skill level 8 in Stealth
  5629 | D:5      | Noticed Dowan
  5719 | D:5      | Noticed Duvessa
  5742 | D:5      | Killed Duvessa
  5753 | D:5      | Killed from afar by Dowan

Vault maps used:
D:1:      nagdon_arrival_double_spiral, minmay_tromino_mix6
D:2:      marbit_many_paths, lightli_temple_of_fire, first_ration
D:3:      cheibrodos_thug_alley, lemuel_round_altar, nicolae_ru_path_of_blood,
          serial_undead, serial_undead_a, serial_undead_c, serial_undead_a,
          serial_undead_d, kennysheep_jessica_study, uniq_natasha
D:4:      nicolae_overflow_hidden_temple, uniq_edmund, uniq_menkaure
D:5:      tgw_xom, kennysheep_mini, portal_sewer_entry_f, uniq_blork_the_orc,
          uniq_duvessa, uniq_crazy_yiuf_cottage

Skill      XL: |  1  2  3  4  5  6  7  8 |
---------------+-------------------------+-----
Stealth        | 2 3 4 5 6 7 8 |  8.3
Bows           | 5 6 7 |  7.0
Fighting       | 2 3 4 5 |  5.1
Short Blades   | 1 2 |  2.2
Dodging        | 1 3 |  3.4
Shields        | |  1.0
Spellcasting   | |  1.0
Necromancy     | |  1.0
Translocations | |  1.0

Action                   |  1- 3 |  4- 6 |  7- 9 || total
-------------------------+-------+-------+-------++-------
Melee: Dagger            |       |    66 |    21 ||    87
       Tentacles         |       |    12 |       ||    12
       Constrict         |       |    11 |     4 ||    15
 Fire: Shortbow          |   106 |    67 |   158 ||   331
 Cast: Apportation       |       |       |     4 ||     4
  Use: Scroll            |       |     8 |     5 ||    13
       Potion            |       |     1 |     4 ||     5
 Stab: Sleeping          |       |    15 |       ||    15
  Eat: Chunk             |     1 |     6 |     8 ||    15
Armor: Skin              |     2 |     8 |     4 ||    14
Dodge: Dodged            |    21 |    63 |    51 ||   135

Table legend:
 A = Non-vault XP
 B = Vault XP
 C = Vault XP percentage of total XP
 D = Non-vault monster count
 E = Vault monster count
 F = Vault count percentage of total count
                 A         B        C        D         E       F
            +---------+---------+-------+---------+---------+-------
      Total |    1382 |     757 |  35.4 |     109 |      26 |  19.3
            +---------+---------+-------+---------+---------+-------
        D:1 |      52 |       3 |   5.5 |      27 |       2 |   6.9
        D:2 |      56 |       2 |   3.4 |      17 |       1 |   5.6
        D:3 |     184 |     222 |  54.7 |      23 |      18 |  43.9
        D:4 |     703 |     331 |  32.0 |      32 |       2 |   5.9
        D:5 |     387 |     199 |  34.0 |      10 |       3 |  23.1
            +---------+---------+-------+---------+---------+-------
